Map: Ulzaan

Players

Faust - Winner!

  • Race: Zerg Zerg
  • League: Diamond
  • Spawn Location: 9:00

Throwfordays - Winner!

  • Race: Protoss Protoss
  • League: Silver
  • Spawn Location: 11:00

NoMan

  • Race: Protoss Protoss
  • Spawn Location: 3:00

heebans

  • Race: Protoss Protoss
  • Spawn Location: 1:00

VOD

Have the link to the VOD?

Description

Time

  • Played on: Feb. 10, 2019, 10:51 p.m.
  • Length: 5:24
Show
View Real Time Build Order
Export as new Build Order

Faust Zerg - Winner!

Build Orders: 1 Base Baneling Bust, Pool First 

Get SALT Encoding   

  12  0:01  Drone  
  13  0:08  Drone  
  14  0:16  Extractor, Drone  
  15  0:33  Extractor  
  14  0:36  Overlord  
  14  0:42  Spawning Pool  
  13  0:46  Drone  
  14  1:00  Drone  
  15  1:13  Drone  
  16  1:29  Zergling x6, Queen  
  21  1:34  Metabolic Boost  
  21  1:40  Overlord  
  21  1:56  Baneling Nest  
  21  1:59  Zergling x2  
  21  2:03  Zergling x2  
  22  2:13  Zergling x2  
  23  2:28  Zergling x2  
  24  2:39  Zergling x6  
  24  2:40  Zergling x2  
  28  2:46  Baneling x3  
  28  2:56  Zergling x2  
  24  3:41  Zergling x10  
  24  3:56  Hatchery  
  24  4:00  Baneling x3  
  23  4:08  Lair  
  24  4:10  Drone x2  
  24  4:11  Extractor  
  24  4:16  Baneling  
  24  4:32  Spore Crawler, Drone  
  24  4:33  Drone x2  
  25  4:48  Drone x2  
  25  4:49  Drone  
  20  5:10  Drone x3  
  20  5:11  Drone x2  
Show
View Real Time Build Order
Export as new Build Order

Throwfordays Protoss - Winner!

Build Orders:  

Get SALT Encoding   

  12  0:01  Probe  
  13  0:13  Probe  
  14  0:18  Pylon  
  14  0:25  Probe  
  15  0:37  Probe  
  16  0:43  Gateway  
  16  0:49  Probe  
  17  0:55  Gateway  
  17  1:01  Probe  
  17  1:03  Assimilator  
  18  1:13  Probe  
  19  1:26  Probe  
  19  1:30  Cybernetics Core  
  20  1:35  Forge  
  20  1:38  Probe  
  21  1:44  Pylon  
  21  1:46  Warp Gate  
  21  2:12  Probe  
  22  2:20  Nexus  
  22  2:26  Protoss Ground Weapons Level 1  
  22  2:37  Pylon  
  22  2:51  Pylon  
  22  2:57  Gateway  
  22  2:59  Gateway  
  22  3:07  Assimilator  
  22  3:23  Probe  
  23  3:35  Stalker x2, Probe  
  23  3:37  Gateway  
  28  3:47  Probe  
  29  4:00  Stalker x2  
  33  4:04  Stalker  
  35  4:11  Stalker  
  38  4:17  Probe  
  38  4:19  Probe  
  18  5:02  Probe  
Show
View Real Time Build Order
Export as new Build Order

NoMan Protoss 

Build Orders:  

Get SALT Encoding   

  1  0:00  Probe  
  13  0:07  Probe  
  14  0:18  Pylon  
  14  0:24  Probe  
  15  0:37  Gateway  
  15  0:38  Probe  
  16  0:49  Assimilator  
  16  0:50  Probe  
  17  1:02  Probe  
  18  1:10  Probe  
  18  1:18  Probe  
  19  1:19  Pylon  
  19  1:24  Cybernetics Core  
  20  1:29  Assimilator, Probe  
  21  1:39  Pylon  
  21  1:52  Warp Gate  
  21  2:16  Gateway  
  21  2:18  Gateway  
  21  2:34  Zealot  
  23  2:44  Nexus  
  23  2:55  Probe  
  24  3:07  Adept, Probe  
  24  3:09  Adept  
  14  3:44  Probe  
  13  4:00  Stalker  
  13  4:03  Probe  
  14  4:15  Stalker  
  16  4:17  Probe  
  17  4:33  Zealot  
Show
View Real Time Build Order
Export as new Build Order

heebans Protoss 

Build Orders: Oracle Opening 

Get SALT Encoding   

  12  0:01  Probe  
  13  0:13  Probe  
  14  0:21  Pylon  
  14  0:24  Probe  
  15  0:35  Probe  
  16  0:43  Probe  
  16  0:44  Gateway  
  17  0:52  Assimilator  
  17  0:53  Probe  
  18  1:01  Probe  
  18  1:05  Assimilator  
  18  1:09  Probe  
  20  1:21  Probe  
  20  1:23  Pylon  
  21  1:32  Cybernetics Core  
  21  1:33  Probe  
  22  1:45  Probe  
  23  1:55  Probe  
  24  2:03  Probe  
  25  2:11  Stargate  
  25  2:24  Stargate  
  25  2:27  Probe  
  26  2:37  Zealot  
  28  2:39  Probe  
  29  2:51  Probe  
  29  2:57  Pylon x2  
  30  2:59  Pylon  
  30  3:14  Oracle  
  30  3:18  Oracle  
  22  3:43  Probe  
  23  3:55  Probe  
  24  4:07  Probe  
  25  4:19  Probe  
  27  4:31  Probe  
  27  4:43  Probe  
  28  4:55  Probe  
  24  5:07  Probe  
Tags
 
Add a new tag
Caveats
  • Supply blocks, unpowered buildings, or Contaminate may cause inaccurate times.
  • Supply counts are checked every 10 seconds.